 Dungeon Crawl Stone Soup version 0.31.0-4-g52a2dc7128 (webtiles) character file.

Game seed: 2072771858873787642

15692 SnakkuSnakku7 the Cleaver (level 12, -1/62 HPs)
             Began as a Vine Stalker Necromancer on Jan 23, 2024.
             Was an Elder of Nemelex Xobeh.
             Slain by a cane toad (2 damage)
             ... while petrified by a basilisk
             ... on level 1 of the Lair of Beasts.
             The game lasted 00:16:42 (9323 turns).

SnakkuSnakku7 the Cleaver (VSNe)                    Turns: 9323, Time: 00:16:43

Health: -1/62      AC: 12    Str: 15    XL:     12   Next: 29%
Magic:  0/20       EV:  2    Int: 15    God:    Nemelex Xobeh [****..]
Gold:   623        SH:  0    Dex: 16    Spells: 15/15 levels left

rFire   + . .        a - +6 hand axe of the Soothsayer {flame, *Noise rElec rPois rN++}
rCold   . . .        (no shield)
rNeg    + + +        H - +2 acid dragon scales
rPois   ∞            p - +1 helmet
rElec   +            (no cloak)
rCorr   +            j - +0 pair of gloves
SInv    .            n - +0 pair of boots
Will    +....        (no amulet)
Stlth   ++           d - +5 ring of evasion
HPRegen 1.10/turn    y - ring of protection from fire
MPRegen 0.17/turn

%: guardian spirit
@: petrified
A: fangs 3, regeneration 1, magic shield, antimagic bite, no potion heal 2
a: Renounce Religion, Draw Escape, Draw Destruction, Draw Summoning, Triple
Draw, Deal Four


You were on level 1 of the Lair of Beasts.
You worshipped Nemelex Xobeh.
Nemelex Xobeh was greatly pleased with you.
You visited 2 branches of the dungeon, and saw 11 of its levels.

You collected 623 gold pieces.

Inventory:

Hand Weapons
 a - the +6 hand axe of the Soothsayer (weapon) {flame, *Noise rElec rPois rN++}
   (You found it on level 2 of the Dungeon)

   rElec:     It insulates you from electricity.
   rPois:     It protects you from poison rN++: It greatly protects you from
   negative energy.
   *Noise:    It may make a loud noise when swung.
 x - a +3 battleaxe of flaming
Armour
 g - a +2 scale mail of poison resistance
 j - a +0 pair of gloves (worn)
 l - an orb of guile
 n - a +0 pair of boots (worn)
 p - a +1 helmet (worn)
 F - a +0 plate armour
 H - +2 acid dragon scales (worn)
Jewellery
 d - a +5 ring of evasion (left hand)
 y - a ring of protection from fire (right hand)
Wands
 e - a wand of polymorph (4)
 i - a wand of mindburst (3)
 C - a wand of flame (59)
Scrolls
 h - a scroll of poison
 o - a scroll of revelation
 v - 3 scrolls of immolation
 w - 5 scrolls of enchant weapon
 A - 3 scrolls of vulnerability
Potions
 b - 2 potions of magic
 f - 4 potions of haste
 k - 5 potions of curing
 s - a potion of attraction
 u - a potion of enlightenment
 z - a potion of lignification
 I - 2 potions of berserk rage
 J - 2 potions of mutation


   Skills:
 + Level 6.7 Fighting
 - Level 14.0 Axes
 - Level 1.5 Dodging
 - Level 2.4 Stealth
 - Level 2.1 Spellcasting
 - Level 4.0 Necromancy
 - Level 10.0 Invocations


You had 15 spell levels left.
You didn't know any spells.
Your spell library contained the following spells:

 Spells                   Type           Power      Damage    Failure   Level
 Necrotise                Necr           52%        1d6       6%          1
 Vampiric Draining        Necr           13%        2d6       19%         3
 Magic Dart               Conj           4%         1d3       30%         1
 Blink                    Tloc           2%         N/A       43%         2
 Call Imp                 Summ           2%         N/A       43%         2
 Animate Dead             Necr           13%        N/A       52%         4
 Dazzling Flash           Conj/Hex       2%         N/A       67%         3
 Mephitic Cloud           Conj/Alch/Air  1%         N/A       67%         3
 Curse of Agony           Necr           13%        N/A       86%         5
 Silence                  Hex/Air        0%         N/A       100%        5


Dungeon Overview and Level Annotations

Branches:
Dungeon (10/15)            Temple (0/1) D:5            Lair (1/5) D:9
    Orc: D:9-12

Altars:
Ashenzari
Cheibriados
Dithmenos
Elyvilon
Gozag
Nemelex Xobeh
Okawaru
Trog
Xom
Zin
The Shining One


Innate Abilities, Weirdness & Mutations

You have razor-sharp teeth.
Your natural rate of healing is unusually fast.
When hurt, damage is shared between your health and your magic reserves.
Your bite disrupts and absorbs the magic of your enemies.
Potions cannot restore your health.


Message History

The cane toad stings you.
You barely miss the cane toad.
You bite the cane toad, but do no damage.
The cane toad is severely wounded.
You hit the basilisk. You burn the basilisk.
The cane toad stings you but does no damage.
The basilisk bites you!
Your limbs are stiffening.
Unknown command.
You closely miss the cane toad.
You bite the cane toad, but do no damage.
The cane toad is severely wounded.
You hit the basilisk. You burn the basilisk.
The cane toad completely misses you.
A komodo dragon comes into view.
The basilisk gazes at you. You resist with almost no effort.
You have turned to stone.
The cane toad stings you! The basilisk bites you! The cane toad stings you.
The basilisk bites you but does no damage.
The cane toad barely misses you. The cane toad stings you!
The basilisk gazes at you. You resist with almost no effort.
The cane toad stings you!
* * * LOW HITPOINT WARNING * * *
The basilisk bites you!
* * * LOW HITPOINT WARNING * * *
The cane toad stings you!
* * * LOW HITPOINT WARNING * * *
The basilisk bites you but does no damage.
The cane toad completely misses you. The basilisk gazes at you.
You resist with almost no effort. The cane toad stings you!
* * * LOW HITPOINT WARNING * * *
The komodo dragon bites you!
* * * LOW HITPOINT WARNING * * *
The basilisk bites you. The cane toad stings you!
You die...
Your body disappears without a glow.

#.##..#####...# ###......#.
#.#...... +...# #......P.
#.#...... #...# #........
#.........#...# #......##
#.#.......#...# #........
##.#.........[.## #........
#..#...... #<...#
####....####
#..#.#.#####...######.##....#
##.............@l.††........#
#.............lF#####......#
#..............## ###....#
##..............# #.l..#
#...............# #..F.#
##..............# ##....###
##....#+.#......# #...?†#.##
#....#.†..#......# ##.....†l†
##...........(..##
####......##


You could see a komodo dragon, a cane toad and a basilisk.

Vanquished Creatures
  2 two-headed ogres (D:10)
  The ghost of hawla the Firebug, a novice OpFE of Vehumet (D:8)
  4 elephants (Lair:1)
  A black mamba (Lair:1)
  An unseen horror (D:10)
  Jeremiah (D:7)
  Maggie (D:7)
  3 kobold demonologists (D:9)
  3 trolls
  2 hornets
  A shadow (D:10)
  21 yaks
  A wraith (D:9)
  3 wyverns
  2 vampires
  A warg (D:9)
  3 steam dragons
  Grum (D:8)
  Duvessa (D:7)
  3 orc warriors
  2 ice beasts
  2 sky beasts
  2 black bears
  5 wolves
  3 ogres
  A centaur (D:10)
  3 phantoms
  Blork the orc (D:4)
  5 kobold brigands
  4 bullfrogs
  2 scorpions
  5 wights (D:9)
  Dowan (D:7)
  5 killer bees
  2 howler monkeys
  2 jellies
  2 orc priests
  6 hounds
  2 gnoll boudas (D:6)
  2 iguanas
  Natasha (thrice) (D:3)
  6 orc wizards
  A sleepcap (D:4)
  Terence (D:3)
  Robin (D:3)
  10 gnolls (D:6)
  8 adders
  A shadow imp (D:5)
  2 white imps
  2 ribbon worms (D:2)
  2 dart slugs (D:1)
  23 orcs
  3 endoplasms
  8 giant cockroaches
  15 goblins
  7 hobgoblins
  3 quokkas
  7 ball pythons
  6 bats
  3 frilled lizards
  11 kobolds
  4 rats
240 creatures vanquished.

Vanquished Creatures (collateral kills)
  A two-headed ogre (D:10)
  A gargoyle (D:10)
  A troll (D:10)
  A kobold (D:10)
4 creatures vanquished.

Vanquished Creatures (others)
  An orc wizard (D:10)
1 creature vanquished.

Grand Total: 245 creatures vanquished

Notes
Turn   | Place    | Note
-------+----------+-------------------------------------------
     0 | D:1      | SnakkuSnakku7 the Vine Stalker Necromancer began the quest
                  | for the Orb.
     0 | D:1      | Reached XP level 1. HP: 9/9 MP: 4/4
   200 | D:1      | Reached skill level 1 in Fighting
   217 | D:1      | Reached XP level 2. HP: 14/14 MP: 4/6
   490 | D:1      | Reached XP level 3. HP: 18/18 MP: 4/7
   569 | D:1      | Found a faded altar of an unknown god.
  1299 | D:2      | Identified the +6 hand axe of the Soothsayer {flame, *Noise
                  | rElec rPois rN++}
  1829 | D:3      | Noticed Robin
  1841 | D:3      | Noticed Terence
  1842 | D:3      | Reached skill level 1 in Axes
  1842 | D:3      | Reached XP level 4. HP: 23/23 MP: 8/8
  1853 | D:3      | Killed Terence
  1861 | D:3      | Reached skill level 2 in Axes
  1877 | D:3      | Killed Robin
  1902 | D:3      | Found a snail-covered altar of Cheibriados.
  1943 | D:3      | Noticed Natasha
  1949 | D:3      | Reached skill level 3 in Axes
  1949 | D:3      | Reached XP level 5. HP: 25/27 MP: 9/9
  1954 | D:3      | Killed Natasha
  1963 | D:3      | Noticed Natasha
  1972 | D:3      | Killed Natasha
  2017 | D:3      | Noticed Natasha
  2021 | D:3      | Killed Natasha
  2276 | D:3      | Found a sparkling altar of Nemelex Xobeh.
  2289 | D:3      | Became a worshipper of Nemelex Xobeh the Trickster
  2435 | D:4      | Reached skill level 4 in Axes
  2439 | D:4      | Reached XP level 6. HP: 32/32 MP: 10/10
  2660 | D:4      | Noticed Blork the orc
  2668 | D:4      | Killed Blork the orc
  2669 | D:4      | Reached skill level 5 in Axes
  3041 | D:4      | Reached XP level 7. HP: 35/35 MP: 11/11
  3065 | D:4      | Reached * piety under Nemelex Xobeh
  3093 | D:4      | Found an iron altar of Okawaru.
  3196 | D:4      | Received a gift from Nemelex Xobeh
  3204 | D:4      | Identified the +3 leather armour "Forget-Me-Not" {rN+}
  3304 | D:5      | Entered Level 5 of the Dungeon
  3358 | D:5      | Found a staircase to the Ecumenical Temple.
  3364 | D:5      | Reached skill level 6 in Axes
  3549 | D:4      | Reached skill level 7 in Axes
  3718 | D:5      | Gained mutation: You have razor-sharp teeth. [Vine Stalker
                  | growth]
  3718 | D:5      | Reached XP level 8. HP: 26/39 MP: 6/12
  4175 | D:5      | Found a shadowy altar of Dithmenos.
  4202 | D:5      | Reached ** piety under Nemelex Xobeh
  4203 | D:5      | Found a broken altar of Ashenzari.
  4216 | D:5      | Reached skill level 8 in Axes
  4409 | D:6      | Reached skill level 9 in Axes
  4509 | D:6      | Found a glowing silver altar of Zin.
  4836 | D:7      | Noticed Jeremiah
  4870 | D:7      | Reached XP level 9. HP: 39/43 MP: 11/13
  4881 | D:7      | Noticed a hornet
  4887 | D:7      | Noticed Duvessa
  4888 | D:7      | Noticed Dowan
  5044 | D:7      | Reached skill level 10 in Axes
  5088 | D:7      | Noticed Maggie
  5198 | D:8      | Found a glowing golden altar of the Shining One.
  5381 | D:8      | Reached skill level 11 in Axes
  5496 | D:8      | Found a large runed translucent door.
  5496 | D:8      | Found a large runed translucent door.
  5497 | D:8      | Noticed hawla's ghost (novice OpFE)
  5519 | D:8      | Noticed a hornet
  5533 | D:8      | Killed a hornet
  5541 | D:8      | Noticed Grum
  5551 | D:8      | Reached skill level 12 in Axes
  5582 | D:8      | Killed Grum
  5583 | D:8      | Reached XP level 10. HP: 38/47 MP: 4/14
  5601 | D:8      | Received a gift from Nemelex Xobeh
  6288 | D:9      | Found a staircase to the Lair.
  6312 | D:9      | Reached skill level 5 in Invocations
  6377 | D:9      | Reached *** piety under Nemelex Xobeh
  6478 | D:9      | Noticed a kobold demonologist
  6497 | D:9      | Killed a kobold demonologist
  6510 | D:9      | Noticed a kobold demonologist
  6512 | D:9      | Noticed a kobold demonologist
  6530 | D:9      | Noticed a smoke demon
  6539 | D:9      | Killed a kobold demonologist
  6552 | D:9      | Killed a kobold demonologist
  6660 | D:9      | Noticed a two-headed ogre
  6672 | D:9      | Found a white marble altar of Elyvilon.
  6730 | D:9      | Received a gift from Nemelex Xobeh
  7091 | D:7      | Killed Maggie
  7166 | D:7      | Killed Duvessa
  7167 | D:7      | Reached XP level 11. HP: 51/51 MP: 18/18
  7168 | D:7      | Killed Dowan
  7301 | D:7      | Killed Jeremiah
  7726 | D:8      | Killed hawla's ghost
  7727 | D:8      | Reached skill level 10 in Invocations
  7766 | D:10     | Entered Level 10 of the Dungeon
  7771 | D:10     | Found a shimmering altar of Xom.
  7941 | D:10     | Noticed a two-headed ogre
  7950 | D:10     | Killed a two-headed ogre
  7951 | D:10     | Reached skill level 13 in Axes
  7962 | D:10     | Found a bloodstained altar of Trog.
  8003 | D:10     | Noticed a two-headed ogre
  8025 | D:10     | Killed a two-headed ogre
  8348 | D:10     | Received a gift from Nemelex Xobeh
  8392 | D:10     | Reached **** piety under Nemelex Xobeh
  8450 | D:10     | Noticed a two-headed ogre
  8463 | D:10     | Killed a two-headed ogre
  8475 | D:10     | Reached skill level 14 in Axes
  8565 | D:10     | Reached XP level 12. HP: 38/58 MP: 18/20
  8867 | D:10     | Found an opulent altar of Gozag.
  9065 | Lair:1   | Entered Level 1 of the Lair of Beasts
  9082 | Lair:1   | Reached skill level 5 in Fighting
  9323 | Lair:1   | HP: 1/62 [komodo dragon (4)]
  9323 | Lair:1   | Slain by a cane toad

Illustrated notes

Levels and vault maps discovered:
D:1:      dpeg_arrival_radiant, layout_basic, shapermc_ecumenical_altar_pompeii,
          minmay_misc_feat_secret_circle
D:2:      layout_basic
D:3:      layout_rooms, mainiacjoe_overflow_alcove_4, cheibriados_altar_1,
          uniq_terence, uniq_natasha, uniq_robin
D:4:      layout_loops_corners, hellmonk_okawaru_the_only_friend_you_need,
          minmay_cupped, uniq_blork_the_orc
D:5:      layout_loops_ring, mainiacjoe_overflow_two_lobes,
          minmay_temple_entry_slanted, guppyfry_early_orc_mine
D:6:      layout_basic, amcnicky_altar_gilded
D:7:      layout_cave_pools, serial_column_ruins, column_ruins_columns_dead_end,
          column_ruins_grid_1, column_ruins_columns_corner,
          column_ruins_open_tiny, column_ruins_corridor_plus, minmay_circle_x,
          uniq_jeremiah, uniq_duvessa, uniq_maggie
D:8:      layout_basic, overflow_temple_1_default, ebering_ghost_disaster_area,
          hangedman_glass_teeth, kennysheep_generic_room_6, uniq_grum
D:9:      layout_roguey, mainiacjoe_overflow_small_starburst,
          erik_lair_orcish_takeover, nzn_life_drinkers
D:10:     layout_roguey, mainiacjoe_overflow_cross_hatched,
          mainiacjoe_overflow_concentric_impassable, lemuel_tele_altar,
          minmay_joined_circles
Lair:1:   layout_chaotic_city, st_stairs_3, beast_lair_carwin_9

Skill      XL: |  1  2  3  4  5  6  7  8  9 10 11 12 |
---------------+-------------------------------------+-----
Fighting       | 1 2 4 6 |  6.7
Axes           | 1 3 4 5 7 9 12 14 | 14.0
Invocations    | 8 10 | 10.0
Dodging        | |  1.5
Stealth        | |  2.4
Spellcasting   | |  2.1
Necromancy     | |  4.0

Action                     |  1- 3 |  4- 6 |  7- 9 | 10-12 || total
---------------------------+-------+-------+-------+-------++-------
  Melee: Dagger            |   123 |       |       |       ||   123
         Unarmed           |    11 |       |       |       ||    11
         Bite              |    42 |    19 |    77 |   179 ||   317
         Hand axe          |    12 |    82 |   269 |   472 ||   835
         Punch             |       |     1 |     2 |     9 ||    12
  Throw: Dart              |       |       |       |     3 ||     3
         Throwing net      |       |       |       |     1 ||     1
   Cast: Necrotise         |     2 |       |       |       ||     2
 Invoke: Draw Destruction  |       |       |     4 |     4 ||     8
         Draw Summoning    |       |       |       |     2 ||     2
  Evoke: Wand              |       |       |       |     1 ||     1
    Use: Scroll            |       |     1 |     8 |    14 ||    23
         Potion            |       |       |       |     1 ||     1
   Stab: Sleeping          |     7 |     1 |     3 |       ||    11
         Distracted        |       |       |       |     1 ||     1
         Held in net/web   |       |       |       |     2 ||     2
 Armour: Robe              |    46 |       |       |       ||    46
         Ring mail         |    43 |    51 |     1 |       ||    95
         Leather armour    |       |       |   169 |    51 ||   220
         Scale mail        |       |       |     5 |       ||     5
         Skin              |       |       |       |    16 ||    16
         Acid dragon scale |       |       |       |   186 ||   186
  Dodge: Dodged            |    86 |    27 |   112 |   265 ||   490
